 Dungeon Crawl Stone Soup version 0.18-a0-739-gdae9da8 (webtiles) character file.

7854 HandofTrog the Fighter (level 11, -6/115 HPs)
             Began as a Troll Hunter on Dec 10, 2015.
             Was a High Priest of Okawaru.
             Mangled by an orc warrior
             ... wielding a +0 halberd
              (21 damage)
             ... on level 10 of the Dungeon.
             The game lasted 00:35:23 (8186 turns).

HandofTrog the Fighter (Troll Hunter)               Turns: 8186, Time: 00:35:23

Health: -6/115     AC:  9    Str: 24    XL:     11   Next: 2%
Magic:  13/13      EV: 13    Int:  8    God:    Okawaru [*****.]
Gold:   235        SH:  0    Dex: 14    Spells: 2 memorised, 9 levels left

rFire  + . .     SeeInvis .     B - +12 hand axe of Foydghagh {distort, Dex+4}
rCold  . . .     Clarity  .     Z - +1 robe {rF+}
rNeg   + . .     SustAt   .     (no shield)
rPois  .         Gourm    +     (helmet restricted)
rElec  .         Spirit   .     C - +2 cloak
rCorr  .         Dismiss  .     (gloves unavailable)
rMut   .         Stasis   .     (boots unavailable)
MR     .....                    (no amulet)
Stlth  +.........               U - ring of positive energy
                                T - ring of wizardry

@: very slightly contaminated, invisible, not resistant to hostile enchantments,
very unstealthy
A: unfitting armour, claws 3, fast metabolism 3, gourmand, regeneration 2,
shaggy fur 1, tough skin 2
a: Heroism, Finesse, Renounce Religion


You were on level 10 of the Dungeon.
You worshipped Okawaru.
Okawaru was extremely pleased with you.
You were not hungry.

You visited 1 branch of the dungeon, and saw 10 of its levels.

You collected 424 gold pieces.
You spent 189 gold pieces at shops.

Inventory:

Hand Weapons
 B - the +12 hand axe of Foydghagh (weapon) {distort, Dex+4}
   (You found it on level 4 of the Dungeon)

   It warps and distorts space around it.
   Unwielding it can cause banishment or high damage.
   It affects your dexterity (+4).
Missiles
 c - 13 large rocks
 d - 2 throwing nets
 A - 7 javelins of returning
 H - 6 javelins (quivered)
 S - 3 tomahawks
Armour
 C - a +2 cloak (worn)
 Z - a +1 robe of fire resistance (worn)
Jewellery
 b - an uncursed ring of wizardry
 i - an uncursed ring of poison resistance
 k - an uncursed ring of protection from cold
 q - an uncursed ring of ice
 T - a ring of wizardry (left claw)
 U - a ring of positive energy (right claw)
Wands
 p - a wand of flame (46)
 R - a wand of polymorph (6)
Scrolls
 f - 3 scrolls of enchant weapon
 j - 3 scrolls of fog
 m - 3 scrolls of teleportation
 n - a scroll of amnesia
 v - a scroll of recharging
 y - a scroll of magic mapping
 G - a scroll of immolation {unknown}
 L - 6 scrolls of remove curse
 N - a scroll of silence {unknown}
 W - a scroll of noise {unknown}
 X - a scroll of blinking {unknown}
Potions
 o - 2 potions of brilliance
 s - 5 potions of flight
 u - 2 potions of haste
 w - a potion of invisibility
 D - 2 potions of magic
 F - a potion of poison {unknown}
 J - 2 potions of might
 K - 2 potions of resistance
 M - a potion of degeneration {unknown}
 O - a potion of beneficial mutation {unknown}
Books
 a - Avvosa Muli's Almanac of Flying Confrontation
   (You found it on level 8 of the Dungeon)

   Spells                             Type                      Level
   a - Shock                          Conjuration/Air              1
   b - Searing Ray                    Conjuration                  2
   c - Mephitic Cloud                 Conjuration/Poison/Air       3
   d - Iskenderun's Mystic Blast      Conjuration                  4
   e - Freezing Cloud                 Conjuration/Ice/Air          6
 g - a book of the Sky

   Spells                             Type                      Level
   a - Summon Lightning Spire         Summoning/Air                4
   b - Airstrike                      Air                          4
   c - Silence                        Hexes/Air                    5
   d - Deflect Missiles               Charms/Air                   6
   e - Conjure Ball Lightning         Conjuration/Air              6
   f - Tornado                        Air                          9
 r - a book of Callings

   Spells                             Type                      Level
   a - Summon Small Mammal            Summoning                    1
   b - Call Imp                       Summoning                    2
   c - Call Canine Familiar           Summoning                    3
   d - Summon Guardian Golem          Hexes/Summoning              3
   e - Summon Lightning Spire         Summoning/Air                4
   f - Summon Ice Beast               Ice/Summoning                4
 E - a Grand Grimoire

   Spells                             Type                      Level
   a - Monstrous Menagerie            Summoning                    6
   b - Summon Greater Demon           Summoning                    7
   c - Malign Gateway                 Summoning/Translocation      7
   d - Summon Horrible Things         Summoning                    8
 V - a book of Burglary

   Spells                             Type                      Level
   a - Swiftness                      Charms/Air                   2
   b - Passwall                       Transmutation/Earth          3
   c - Passage of Golubria            Translocation                4
   d - Lee's Rapid Deconstruction     Earth                        5
   e - Darkness                       Hexes                        6
   f - Invisibility                   Hexes                        6
Miscellaneous
 l - an ornate deck of summoning
Comestibles
 e - 7 bread rations
 h - 12 fruits
 t - a meat ration
 z - 3 slices of pizza
 I - a beef jerky
 Y - 15 royal jellies


   Skills:
 * Level 9.3 Fighting
 - Level 6.1 Axes
 - Level 3.6 Throwing
 + Level 6.0 Dodging
 - Level 0.4 Stealth
 - Level 3.8 Unarmed Combat
 + Level 2.4 Spellcasting
 - Level 5.1 Invocations


You had 9 spell levels left.
You knew the following spells:

 Your Spells              Type           Power        Failure   Level  Hunger
a - Swiftness             Chrm/Air       #.......     26%         2    ###....
b - Passwall              Trmt/Erth      #.........   58%         3    ####...


Dungeon Overview and Level Annotations

Branches:
Dungeon (10/15)            Temple (0/1) D:4            Lair (0/8) D:10
    Orc: D:9-12

Altars:
Ashenzari
Dithmenos
Elyvilon
Fedhas
Makhleb
Okawaru
Qazlal
Yredelemnul
Zin

Shops:
D:7 !   D:8 [

Annotations:
Abyss:1 Pikel


Innate Abilities, Weirdness & Mutations

You are too large for most types of armour.
You have claws for hands.
Your metabolism is lightning-fast.
You like to eat raw meat.
You heal very quickly.
You are covered in fur (AC +1).
You have very tough skin (AC +2).


Message History

You hit the orc priest.
Space bends around the orc priest.
The orc priest is severely wounded.
The orc priest barely misses you.
Quiver which item? (- for none, * to show all) (? for menu, Esc to quit)
Okay, then.
Drink which item? (? for menu, Esc to quit)
You feel better.
The orc warrior hits you but does no damage.
The orc priest miscasts a cantrip.
Drink which item? (? for menu, Esc to quit)
You fade into invisibility!
The orc priest calls down the wrath of Beogh upon you.
You struggle to resist.
The orc warrior hits you from afar with a halberd!
* * * LOW HITPOINT WARNING * * *
You are very lightly contaminated with residual magic.
Drink which item? (? for menu, Esc to quit)
You feel better. The orc priest closely misses you.
The orc warrior hits you from afar with a halberd!!
You die...

#..........
#.....##
#..........
......#
#####......
.....# #......
....# #......
.oY. #.##'## .o#
#.##.# #o# #.##.#
#@##########.##)#
#.#..........##.#
#o#.###########.#
#.#.#<...# #.#
#.#......# #.#
#.#############.#
#...............#
#################


You could see a yak, an orc warrior, 2 orc priests and an orc.

Vanquished Creatures
  An unseen horror (D:10)
  Maurice (D:8)
  Psyche (D:9)
  A troll (D:9)
  A two-headed ogre (D:8)
  8 yaks (D:10)
  A deep elf mage (D:9)
  A hungry ghost (D:9)
  A black bear (D:8)
  A wasp (D:10)
  2 slaves (D:4)
  A phantom (D:9)
  3 sky beasts
  An ogre (D:10)
  An ice beast (D:5)
  2 orc warriors
  A centaur (D:10)
  2 big kobolds
  A gnoll sergeant (D:8)
  3 giant frogs
  3 scorpions
  22 killer bees (D:10)
  2 spriggan skeletons (D:9)
  4 crimson imps
  8 orc priests
  Crazy Yiuf (D:5)
  3 jellies
  3 giant frog skeletons
  3 hounds
  Jessica (D:3)
  4 iguanas
  4 orc wizards
  4 centaur skeletons
  A killer bee zombie (D:8)
  4 worker ants
  A hound zombie (D:5)
  2 hound skeletons
  A worker ant zombie (D:6)
  10 adders
  6 gnolls
  A shadow imp (D:9)
  An ooze (D:1)
  An adder zombie (D:5)
  22 orcs
  2 ball pythons
  5 bats
  5 giant cockroaches
  7 hobgoblins
  8 jackals
  6 quokkas
  A ball python skeleton (D:4)
  5 giant geckos
  2 giant newts
  7 goblins
  A jackal skeleton (D:4)
  16 kobolds
  6 rats
217 creatures vanquished.

Vanquished Creatures (others)
  A queen bee (D:10)
  A trapdoor spider (D:9)
  An orc warrior (D:7)
  A giant frog (D:8)
  3 killer bees (D:10)
  A giant frog zombie (D:9)
  An orc wizard (D:7)
  An adder (D:9)
  A kobold (D:8)
11 creatures vanquished.

Grand Total: 228 creatures vanquished

Notes
Turn   | Place    | Note
--------------------------------------------------------------
     0 | D:1      | HandofTrog the Troll Hunter began the quest for the Orb.
     0 | D:1      | Reached XP level 1. HP: 19/19 MP: 0/0
    34 | D:1      | Reached skill level 1 in Unarmed Combat
    92 | D:1      | Reached XP level 2. HP: 27/27 MP: 1/1
   418 | D:1      | Reached XP level 3. HP: 28/33 MP: 2/2
  1318 | D:2      | Reached XP level 4. HP: 41/41 MP: 3/3
  1908 | D:3      | Found an iron altar of Okawaru.
  1908 | D:3      | Found a shattered altar of Ashenzari.
  1909 | D:3      | Found a burning altar of Makhleb.
  1914 | D:3      | Became a worshipper of Warmaster Okawaru
  2106 | D:3      | Found a faded altar to an unknown god.
  2194 | D:3      | Noticed Jessica
  2196 | D:3      | Killed Jessica
  2196 | D:3      | Reached XP level 5. HP: 47/50 MP: 4/4
  2449 | D:4      | Got a crude hand axe
  2450 | D:4      | Identified the +12 hand axe of Foydghagh {distort, Dex+4} (You found it on level 4 of the Dungeon)
  2498 | D:4      | Reached skill level 1 in Axes
  2971 | D:4      | Found a staircase to the Ecumenical Temple.
  3057 | D:4      | Noticed a slave
  3058 | D:4      | Noticed a slave
  3059 | D:4      | Noticed a slave
  3060 | D:4      | Noticed Pikel
  3061 | D:4      | Noticed a slave
  3063 | D:4      | Killed a slave
  3067 | D:4      | Killed a slave
  3067 | D:4      | Banished Pikel
  3067 | D:4      | Reached skill level 4 in Axes
  3067 | D:4      | Reached XP level 6. HP: 44/59 MP: 5/5
  3067 | D:4      | Reached XP level 7. HP: 49/66 MP: 6/6
  3203 | D:5      | Entered Level 5 of the Dungeon
  3549 | D:5      | Reached skill level 5 in Axes
  3583 | D:5      | Noticed Crazy Yiuf
  3587 | D:5      | Killed Crazy Yiuf
  3665 | D:5      | Reached * piety under Okawaru
  4118 | D:6      | Reached skill level 6 in Axes
  4217 | D:6      | Reached XP level 8. HP: 66/75 MP: 7/7
  4225 | D:6      | Found a white marble altar of Elyvilon.
  4726 | D:7      | Reached skill level 1 in Invocations
  4892 | D:7      | Reached ** piety under Okawaru
  4979 | D:7      | Found Tyibb's Distillery.
  4984 | D:7      | Bought 2 potions of heal wounds for 120 gold pieces
  4984 | D:7      | Bought a potion of might for 48 gold pieces
  5129 | D:8      | Noticed Maurice
  5240 | D:8      | Found a blossoming altar of Fedhas.
  5242 | D:8      | Found a stormy altar of Qazlal.
  5338 | D:8      | Killed Maurice
  5338 | D:8      | Reached skill level 5 in Fighting
  5338 | D:8      | Reached XP level 9. HP: 88/88 MP: 8/10
  5398 | D:8      | Learned a level 2 spell: Swiftness
  5402 | D:8      | Learned a level 3 spell: Passwall
  5405 | D:8      | Found a basalt altar of Yredelemnul.
  5433 | D:8      | Found a shadowy altar of Dithmenos.
  5632 | D:8      | Reached *** piety under Okawaru
  5747 | D:8      | Received a gift from Okawaru
  5801 | D:8      | Found Naucsept's Antique Armour Shoppe.
  5809 | D:8      | Bought a runed robe for 21 gold pieces
  5814 | D:8      | Identified Avvosa Muli's Almanac of Flying Confrontation (You found it on level 8 of the Dungeon)
  6389 | D:9      | Noticed Psyche
  6839 | D:9      | Found a glowing silver altar of Zin.
  6840 | D:9      | Noticed an angel
  6955 | D:9      | Killed Psyche
  6955 | D:9      | Received a gift from Okawaru
  6955 | D:9      | Reached skill level 7 in Fighting
  7023 | D:9      | Reached **** piety under Okawaru
  7034 | D:9      | Reached XP level 10. HP: 102/102 MP: 12/12
  7043 | D:9      | Reached skill level 5 in Invocations
  7106 | D:10     | Entered Level 10 of the Dungeon
  7327 | D:10     | Reached skill level 5 in Dodging
  7380 | D:10     | Found a staircase to the Lair.
  7423 | D:10     | Reached skill level 8 in Fighting
  7423 | D:10     | Reached skill level 1 in Spellcasting
  7606 | D:10     | Reached ***** piety under Okawaru
  7861 | D:10     | Reached skill level 9 in Fighting
  8100 | D:10     | Killed an unseen horror
  8100 | D:10     | Received a gift from Okawaru
  8174 | D:10     | Reached XP level 11. HP: 61/115 MP: 13/13
  8186 | D:10     | Mangled by an orc warrior

Vault maps used:
D:1:      dpeg_arrival_more_subterranean_lakeside_camping,
          hangedman_decor_diamond_cutter
D:2:      wad_crossroads, first_bread, minmay_box_of_dots
D:3:      gammafunk_temple_overflow_forgotten, ecumenical_altar_2, uniq_jessica
D:4:      temple_pool_b, columned_hall_lemuel, minmay_misc_feat_roman,
          uniq_pikel
D:5:      minmay_misc_feat_diagonals, uniq_crazy_yiuf_cottage
D:6:      overflow_temple_1_default
D:7:      serial_shops, kennysheep_little_box
D:8:      grunt_temple_overflow_forces_of_nature,
          nicolae_overflow_crystal_walls, serial_shops, nicolae_shop_crystal,
          basic_altar, minmay_misc_feat_tiny, uniq_maurice
D:9:      zin_angel, hangedman_tell_no_tales, st_stairs_5, uniq_psyche
D:10:     lair_0_dummy, special_room

Action                   |  1- 3 |  4- 6 |  7- 9 | 10-12 || total
-------------------------+-------+-------+-------+-------++-------
Melee: Unarmed           |   119 |    50 |       |       ||   169
       Hand axe          |       |    20 |   188 |   177 ||   385
Throw: Javelin           |       |    10 |    23 |     6 ||    39
       Large rock        |       |     1 |       |       ||     1
 Cast: Passwall          |       |       |     1 |       ||     1
Invok: Heroism           |       |       |       |     1 ||     1
  Use: Scroll            |       |       |    17 |     1 ||    18
       Potion            |       |       |       |     6 ||     6
 Stab: Sleeping          |     1 |     1 |     1 |       ||     3
       Distracted        |       |       |     1 |       ||     1
  Eat: Chunk             |    13 |    13 |    29 |     7 ||    62
       Bread ration      |     1 |       |     1 |     2 ||     4
